 Dungeon Crawl Stone Soup version 0.24-a0-486-ged8816983f (webtiles) character file.

Game seed: 9959944811568129052

21 Azzok the Firebug (level 2, 0/19 HPs)
             Began as a Barachi Fire Elementalist on July 9, 2019.
             Slain by Jessica
             ... wielding a +0 dagger
              (4 damage)
             ... on level 2 of the Dungeon.
             The game lasted 00:01:05 (1254 turns).

Azzok the Firebug (Barachi Fire Elementalist)       Turns: 1254, Time: 00:01:06

Health: 0/19       AC:  2    Str:  9    XL:     2   Next: 87%
Magic:  0/5        EV: 12    Int: 15    God:
Gold:   59         SH:  0    Dex: 12    Spells: 5/6 levels left

rFire    . . .     SeeInvis .   (no weapon)
rCold    . . .     Gourm    .   (no shield)
rNeg     . . .     Faith    .   a - +0 robe
rPois    .         Spirit   .   (no helmet)
rElec    .         Reflect  .   (no cloak)
rCorr    .         Harm     .   (no gloves)
MR       .....                  (no boots)
Stlth    ++........             (no amulet)
HPRegen  0.06/turn              (no ring)
MPRegen  0.09/turn              (no ring)

@: slow
A: +LOS, swims, slowness 1, strong legs 1
a: Hop


You were on level 2 of the Dungeon.
You were hungry.

You visited 1 branch of the dungeon, and saw 2 of its levels.

You collected 59 gold pieces.

Inventory:

Armour
 a - a +0 robe (worn)
Jewellery
 e - an uncursed amulet of the gourmand {unknown}
Scrolls
 d - a scroll of fog {unknown}
 f - a scroll of enchant armour {unknown}
 g - a scroll of immolation {unknown}
Potions
 h - a potion of lignification {unknown}
Comestibles
 c - a ration


   Skills:
 - Level 2.1 Dodging
 - Level 1.7 Stealth
 + Level 2.7 Spellcasting
 + Level 1.8 Conjurations
 + Level 3.7 Fire Magic


You had 5 spell levels left.
You knew the following spells:

 Your Spells              Type           Power        Failure   Level  Hunger
a - Flame Tongue          Conj/Fire      ##...        7%          1    #......

Your spell library contained the following spells:

 Spells                   Type           Power        Failure   Level  Hunger
 Throw Flame              Conj/Fire      ##....       10%         2    ##.....
 Conjure Flame            Conj/Fire      ##......     21%         3    ###....
 Inner Flame              Hex/Fire       #.......     28%         3    ###....
 Sticky Flame             Conj/Fire      ##......     54%         4    #####..
 Fireball                 Conj/Fire      ##........   88%         5    ######.


Dungeon Overview and Level Annotations

Branches:
Dungeon (2/15)

Altars:

Annotations:
D:2 Jessica


Innate Abilities, Weirdness & Mutations

Shadows flee at your approach. (+LOS)
You can swim through water.
You cover ground slowly.
You can hop short distances.


Message History

Confirm with . or Enter, or press ? or * to list all spells.
Aiming: Flame Tongue (safe; 7% risk of failure)
Press: ? - help, Shift-Dir - straight line, f/p - rat
Aim: a rat (heavily wounded)
The flame tongue misses the rat.
* * * LOW MAGIC WARNING * * *
The rat bites you.
* * * LOW HITPOINT WARNING * * *
Casting: Flame Tongue (safe; 7% risk of failure)
Confirm with . or Enter, or press ? or * to list all spells.
You don't have enough magic to cast that spell.
You hit the rat.
You kill the rat!
Jessica casts a spell at you. You resist with some effort.
Jessica hits you with a +0 dagger.
* * * LOW HITPOINT WARNING * * *
A rat comes into view.
Jessica hits you with a +0 dagger.
You die...

▒ ▒·· ▒▒▒▒··
▒···<·▒▒▒▒▒▒▒▒▒▒▒
▒····@·······▒
▒····@▒▒▒▒▒▒·▒
▒·▒·▒·▒ ▒·····▒
·▒▒▒▒▒···▒
·········▒
·▒▒▒▒▒▒·)▒ ▒··▒
▒r··


You could see Jessica and a rat (wandering).

Vanquished Creatures
  A dart slug (D:1)
  A leopard gecko (D:1)
  2 giant cockroaches (D:1)
  2 hobgoblins (D:1)
  A kobold (D:1)
  2 frilled lizards (D:1)
  4 goblins
  6 rats
19 creatures vanquished.

Notes
Turn   | Place    | Note
-------+----------+-------------------------------------------
     0 | D:1      | Azzok the Barachi Fire Elementalist began the quest for the
                  | Orb.
     0 | D:1      | Reached XP level 1. HP: 13/13 MP: 3/3
   148 | D:1      | Reached XP level 2. HP: 4/19 MP: 0/5
  1236 | D:2      | Noticed Jessica
  1254 | D:2      | Slain by Jessica

Levels and vault maps discovered:
D:1:      tarquinn_simple_flora_water_d, layout_basic
D:2:      kennysheep_the_goblin_king, layout_loops_ring, lemuel_doored_altar,
          old_standard_altar, minmay_rat_hole, uniq_jessica

Action                   || total
-------------------------++-------
Melee: Unarmed           ||    11
 Cast: Flame Tongue      ||    35
  Eat: Chunk             ||     1
Armor: Robe              ||     6
Dodge: Dodged            ||    22

Table legend:
 A = Non-vault XP
 B = Vault XP
 C = Vault XP percentage of total XP
 D = Non-vault monster count
 E = Vault monster count
 F = Vault count percentage of total count
                 A         B        C        D         E       F
            +---------+---------+-------+---------+---------+-------
      Total |      29 |       2 |   6.5 |      17 |       2 |  10.5
            +---------+---------+-------+---------+---------+-------
        D:1 |      28 |       0 |   0.0 |      16 |       0 |   0.0
        D:2 |       1 |       2 |  66.7 |       1 |       2 |  66.7
            +---------+---------+-------+---------+---------+-------
